[Event "Titled Tuesday Blitz April 26 Late 2022"]
[White "Shuvalova, Polina"]
[Black "Nozdrachev, Leonid"]
[WhiteFideId "24171760"]
[BlackFideId "24113433"]
[WhiteElo "2355"]
[BlackElo "2242"]
[Result "0-1"]
[Round "09"]
[TimeControl "180+1"]
[Date "2022.04.26"]
[WhiteClock "0:00:02"]
[BlackClock "0:00:36"]

1. d4 d6 2. e4 Nf6 3. Nc3 e5 4. Nf3 Nbd7 5. Bc4 Be7 6. O-O O-O 7. Re1 c6 8. a4 Qc7 9. h3 Re8 10. Ba2 Nf8 11. Bg5 Ng6 12. dxe5 dxe5 13. Qe2 h6 14. Nh4 Nf8 15. Bxf6 Bxf6 16. Nf5 Be6 17. Qg4 Kh7 18. Bxe6 Nxe6 19. Rad1 Rad8 20. Ne2 Rxd1 21. Rxd1 Rd8 22. Neg3 g6 23. Ne3 Nf4 24. Ngf1 Be7 25. Qf3 Kg7 26. h4 h5 27. g3 Ne6 28. c3 Rxd1 29. Qxd1 Qd8 30. Qb3 Nc5 31. Qc4 Qd3 32. Qxd3 Nxd3 33. b4 a5 34. bxa5 Nc5 35. Nd2 Nxa4 36. Nd1 Bd8 37. Nc4 Bc7 38. Kf1 Nc5 39. f3 Nb3 40. Ke2 Nxa5 41. Nxa5 Bxa5 42. Kd3 Bb6 43. Ke2 f6 44. Nb2 Kf7 45. Nc4 Bc7 46. Kd3 Ke6 47. g4 b5 48. Ne3 Bb6 49. Nc2 Bf2 50. gxh5 gxh5 51. Ke2 Bxh4 52. Ne3 Bg5 53. Nf5 h4 54. Kf2 c5 55. Kg2 b4 0-1


[Site "https://www.chess.com"]

[Event "Titled Tuesday Blitz April 26 Late 2022"]
[White "Siddharth, Jagadeesh"]
[Black "Toniutti, Ezio"]
[WhiteFideId "5818320"]
[BlackFideId "113034"]
[WhiteElo "2127"]
[BlackElo "2215"]
[Result "1-0"]
[Round "09"]
[TimeControl "180+1"]
[Date "2022.04.26"]
[WhiteClock "0:00:04"]
[BlackClock "0:00:01"]

1. e4 e5 2. Nf3 Nc6 3. Bc4 Nf6 4. d3 Be7 5. O-O O-O 6. Nc3 d6 7. a3 Bg4 8. h3 Bh5 9. Be3 Nd7 10. Nd5 Nc5 11. b4 Ne6 12. c3 a6 13. a4 Qd7 14. g4 Bg6 15. Rb1 Bd8 16. Bb3 Ne7 17. a5 c6 18. Nxe7+ Bxe7 19. Bc2 Rad8 20. d4 exd4 21. Nxd4 d5 22. Nf5 Bf6 23. exd5 cxd5 24. Qd2 Qc6 25. g5 Bxf5 26. gxf6 Bxc2 27. fxg7 Kxg7 28. Bh6+ Kh8 29. Qxc2 Rg8+ 30. Kh2 Rg6 31. Bd2 d4 32. f3 d3 33. Qd1 Rdg8 34. Rf2 Qd6+ 35. Kh1 Rg3 36. Qf1 Nf4 37. Bxf4 Qxf4 38. Rd1 Qf5 39. Kh2 Qf4 40. Kh1 Qh4 41. Rh2 Qf4 42. Rxd3 f6 43. Rd1 Qe3 44. Re1 Qf4 45. Qf2 Qf5 46. Rf1 R3g5 47. h4 Rg3 48. Qd4 R3g7 49. h5 Rg5 50. h6 R5g6 51. Qe3 1-0


[Site "https://www.chess.com"]

[Event "Titled Tuesday Blitz April 26 Late 2022"]
[White "Sliwicka, Alicja"]
[Black "Nazaretyan, Tigran"]
[WhiteFideId "1150677"]
[BlackFideId "24162345"]
[WhiteElo "2120"]
[BlackElo "2225"]
[Result "1-0"]
[Round "09"]
[TimeControl "180+1"]
[Date "2022.04.26"]
[WhiteClock "0:01:33"]
[BlackClock "0:00:20"]

1. e4 c5 2. Nf3 Nc6 3. d4 cxd4 4. Nxd4 Nf6 5. Nc3 d6 6. Bg5 e6 7. Bb5 Bd7 8. Bxc6 bxc6 9. Qf3 Qb6 10. O-O-O Be7 11. Nb3 e5 12. Nd2 Bg4 13. Qd3 Bxd1 14. Rxd1 Qxf2 15. Nc4 Rd8 16. Ne3 h6 17. Rf1 Qxf1+ 18. Qxf1 hxg5 19. Nf5 Bf8 20. Qa6 Rxh2 21. Qxc6+ Nd7 22. Nd5 f6 23. Nxd6+ Bxd6 24. Qxd6 Kf7 25. Qe7+ Kg6 26. Qxd8 Nc5 27. Qe8+ Kh7 28. Nxf6+ gxf6 29. Qe7+ Kg6 30. Qxc5 Rxg2 31. Qe3 g4 32. c4 f5 33. exf5+ Kxf5 34. c5 g3 35. Qf3+ Ke6 36. Qxg2 1-0


[Site "https://www.chess.com"]

[Event "Titled Tuesday Blitz April 26 Late 2022"]
[White "Smail, Benedict"]
[Black "Torres Cueto, Jesus Marcial"]
[WhiteFideId "2050480"]
[BlackFideId "4415280"]
[WhiteElo "2070"]
[BlackElo "2055"]
[Result "0-1"]
[Round "09"]
[TimeControl "180+1"]
[Date "2022.04.26"]
[WhiteClock "0:00:01"]
[BlackClock "0:00:14"]

1. d4 e6 2. e4 d5 3. Nc3 Bb4 4. e5 c5 5. a3 Bxc3+ 6. bxc3 Qc7 7. Bd2 Ne7 8. Bd3 Nbc6 9. Nf3 c4 10. Be2 Bd7 11. O-O b6 12. Qb1 O-O-O 13. g3 f6 14. exf6 gxf6 15. Bf4 e5 16. Be3 Nf5 17. Re1 h5 18. Bf1 h4 19. Bg2 hxg3 20. hxg3 Rdg8 21. Qb5 Ncxd4 22. Qa6+ Kb8 23. cxd4 Nxg3 24. fxg3 Rxg3 25. Kf2 Rhg8 26. Rg1 e4 27. Nd2 Rxe3 28. Kxe3 Rg3+ 29. Ke2 Bg4+ 30. Ke1 Re3+ 31. Kf2 Qf4+ 32. Bf3 Rxf3+ 33. Kg2 Qg3+ 0-1


[Site "https://www.chess.com"]

[Event "Titled Tuesday Blitz April 26 Late 2022"]
[White "Song, Guannan Terry"]
[Black "Kanyamarala, Trisha"]
[WhiteFideId "2614189"]
[BlackFideId "45004722"]
[WhiteElo "2115"]
[BlackElo "2079"]
[Result "1-0"]
[Round "09"]
[TimeControl "180+1"]
[Date "2022.04.26"]
[WhiteClock "0:01:06"]
[BlackClock "0:00:08"]

1. e4 c5 2. Nc3 d6 3. f4 a6 4. Nf3 b5 5. d4 cxd4 6. Nxd4 Bb7 7. Bd3 Nc6 8. Be3 Nf6 9. O-O e6 10. Qf3 Be7 11. Rad1 b4 12. Nce2 O-O 13. Nxc6 Bxc6 14. Nd4 Bb7 15. Rfe1 Qc7 16. Kh1 Rac8 17. Bg1 d5 18. e5 Ne4 19. Qh5 Bc5 20. Re3 g6 21. Qh6 Qe7 22. Rh3 f6 23. Nxe6 Bxg1 24. Bxe4 dxe4 25. Nxf8 Rxf8 26. exf6 Rxf6 27. Kxg1 Rf7 28. Qh4 Qc5+ 29. Qf2 Qc6 30. Rd8+ Kg7 31. Qd4+ Qf6 32. Re3 Qxd4 33. Rxd4 Rc7 34. c3 bxc3 35. Rxc3 Rf7 36. Re3 Rxf4 37. Rd7+ Rf7 38. Rxf7+ Kxf7 39. Kf2 Bd5 40. Ra3 Ke6 41. Rxa6+ Ke5 42. Ke3 g5 43. Ra5 h5 44. b4 g4 45. a4 Kd6 46. Rxd5+ Kxd5 47. a5 Kc6 48. a6 1-0


[Site "https://www.chess.com"]

[Event "Titled Tuesday Blitz April 26 Late 2022"]
[White "Spata, German"]
[Black "Maksimovic, Bojan"]
[WhiteFideId "113026"]
[BlackFideId "14408120"]
[WhiteElo "2238"]
[BlackElo "2448"]
[Result "0-1"]
[Round "09"]
[TimeControl "180+1"]
[Date "2022.04.26"]
[WhiteClock "0:00:03"]
[BlackClock "0:00:05"]

1. Nf3 d6 2. d4 g6 3. e3 Bg7 4. Be2 e5 5. O-O Nc6 6. c4 Nge7 7. Nc3 O-O 8. b3 exd4 9. Nxd4 Nxd4 10. exd4 Nf5 11. Be3 Nxe3 12. fxe3 c6 13. Qd3 Qe7 14. Bf3 Bd7 15. Rae1 Rae8 16. e4 Bc8 17. Rd1 Qg5 18. Rfe1 h5 19. Kh1 h4 20. h3 c5 21. Nb5 cxd4 22. Nxd6 Rd8 23. Nxc8 Rxc8 24. e5 Bxe5 25. Qe4 Rce8 26. Qg4 Qxg4 27. Bxg4 Bg3 28. Rxe8 Rxe8 29. Kg1 b6 30. Kf1 f5 31. Be2 Rd8 32. Bf3 Kg7 33. Bd5 Re8 34. Bf3 Kf6 35. Be2 Rd8 36. Bf3 Ke5 37. Ke2 a5 38. Kd3 Kf6 39. Rd2 Bf4 40. Rc2 Be3 41. c5 bxc5 42. Rxc5 Kg5 43. Rc6 Rg8 44. Ra6 Rc8 45. Rc6 Rg8 46. Bd5 Rg7 47. Rc5 Kf4 48. Rxa5 Rc7 49. Bc4 Kg3 50. Ra6 g5 51. Rf6 Kxg2 52. Rxf5 Kxh3 53. Ke4 Re7+ 54. Kd3 g4 55. Rh5 g3 56. Bd5 g2 57. Bxg2+ Kxg2 58. Rxh4 Ra7 59. a4 Rc7 60. Rh7 Rxh7 61. Ke4 Rb7 0-1


[Site "https://www.chess.com"]

[Event "Titled Tuesday Blitz April 26 Late 2022"]
[White "Stanisz, Patryk"]
[Black "Mikhalsky, Vladimir"]
[WhiteFideId "1123106"]
[BlackFideId "14144352"]
[WhiteElo "1833"]
[BlackElo "2301"]
[Result "1-0"]
[Round "09"]
[TimeControl "180+1"]
[Date "2022.04.26"]
[WhiteClock "0:00:44"]
[BlackClock "0:00:08"]

1. d4 Nf6 2. c4 g6 3. Nc3 Bg7 4. e4 O-O 5. Be2 d6 6. g4 e5 7. d5 a5 8. h4 Na6 9. h5 Nc5 10. hxg6 fxg6 11. f3 c6 12. Bg5 Qb6 13. Qc2 a4 14. Nh3 a3 15. b3 Qa5 16. Bd2 Qd8 17. O-O-O cxd5 18. cxd5 Na6 19. Bxa6 bxa6 20. Ng5 Ra7 21. Kb1 a5 22. Na4 Bd7 23. Ne6 Bxe6 24. dxe6 d5 25. Qc5 dxe4 26. Be3 Qe7 27. Qxa7 Qxe6 28. Nc5 Qc6 29. g5 Nh5 30. Rd7 exf3 31. Rxh5 1-0


[Site "https://www.chess.com"]

[Event "Titled Tuesday Blitz April 26 Late 2022"]
[White "Svane, Frederik"]
[Black "Martinez Alcantara, Jose Eduardo"]
[WhiteFideId "12923044"]
[BlackFideId "3805662"]
[WhiteElo "2459"]
[BlackElo "2690"]
[Result "1-0"]
[Round "09"]
[TimeControl "180+1"]
[Date "2022.04.26"]
[WhiteClock "0:00:04"]
[BlackClock "0:00:04"]

1. e4 c5 2. Nf3 d6 3. Bb5+ Nd7 4. d4 cxd4 5. Qxd4 a6 6. Bxd7+ Bxd7 7. Nc3 h6 8. O-O e5 9. Qd3 Nf6 10. Nd2 Rc8 11. Nc4 Be6 12. Ne3 Qc7 13. Rd1 Be7 14. a4 O-O 15. Bd2 Rfd8 16. a5 Qc6 17. Be1 Qc5 18. b4 Qc6 19. Ncd5 Bxd5 20. exd5 Qe8 21. c4 g6 22. b5 Bf8 23. Rab1 Nd7 24. Bb4 f5 25. Qa3 Nf6 26. bxa6 bxa6 27. Rbc1 f4 28. Nf1 Qf7 29. c5 dxc5 30. Bxc5 Rxd5 31. Rxd5 Qxd5 32. Bxf8 Rxf8 33. Rc5 Qd4 34. Qb3+ Kh8 35. Rc4 Qd5 36. Qb4 Rf7 37. Rc8+ Kg7 38. Qb6 Qb7 39. Rb8 Qa7 40. Qd8 g5 41. h4 gxh4 42. Nd2 e4 43. Qh8+ Kg6 44. Rb6 Qe7 45. Qg8+ Rg7 46. Qd5 Kh7 47. Qf5+ Rg6 48. Nc4 e3 49. Ne5 exf2+ 50. Kf1 Qg7 51. Rb7 Kg8 52. Rxg7+ Rxg7 53. Qxf6 h3 54. gxh3 Rg6 55. Qxg6+ 1-0


[Site "https://www.chess.com"]

[Event "Titled Tuesday Blitz April 26 Late 2022"]
[White "Swiercz, Dariusz"]
[Black "Rosen, Eric"]
[WhiteFideId "1126881"]
[BlackFideId "2032562"]
[WhiteElo "2627"]
[BlackElo "2362"]
[Result "1-0"]
[Round "09"]
[TimeControl "180+1"]
[Date "2022.04.26"]
[WhiteClock "0:00:04"]
[BlackClock "0:00:01"]

1. c4 e6 2. Nc3 d5 3. d4 Nf6 4. Nf3 a6 5. e3 Nbd7 6. b3 Bb4 7. Bd2 c6 8. Bd3 Bd6 9. Qc2 O-O 10. O-O e5 11. cxd5 cxd5 12. e4 exd4 13. Nxd5 Nxd5 14. exd5 Nf6 15. Bg5 h6 16. Bh4 Bg4 17. Nxd4 Be5 18. Nf5 Bxa1 19. Rxa1 Bxf5 20. Bxf5 Qd6 21. Rd1 Rfe8 22. Bg3 Qxd5 23. h3 Qc6 24. Qxc6 bxc6 25. Rc1 g6 26. Bd3 Nd5 27. a3 Re6 28. Bc4 a5 29. Kh2 Rae8 30. Rc2 Kg7 31. h4 h5 32. Rd2 Rd8 33. Bc7 Ra8 34. Bg3 Re4 35. a4 Nf6 36. Rc2 Ng4+ 37. Kh3 Re1 38. Bf4 Rh1+ 39. Kg3 Re8 40. Be2 Re6 41. Bf3 Rb1 42. Bxc6 Rxb3+ 43. f3 Ra3 44. Bd5 Re1 45. Rc7 Nh6 46. Bg5 Nf5+ 47. Kf4 Rxa4+ 48. Be4 Rb1 49. g4 hxg4 50. fxg4 Rf1+ 51. Ke5 Rxe4+ 52. Kxe4 Ng3+ 53. Ke3 a4 54. Bf4 Nh1 55. Be5+ Kf8 56. Bd6+ Ke8 57. Re7+ Kd8 58. Ra7 Rg1 59. g5 Rg4 60. Kf3 Rd4 61. Be5 Rd3+ 62. Ke2 Ra3 63. Bf6+ Kc8 64. Rxf7 Rh3 65. Ra7 Ng3+ 66. Kf3 Nf5+ 67. Kg4 Rxh4+ 68. Kf3 Rc4 69. Ke2 Kb8 70. Ra6 Kb7 71. Ra5 Kb6 72. Ra8 Kb5 73. Kd3 Rg4 74. Rb8+ Kc6 75. Rc8+ Kd5 76. Ra8 Kc6 77. Rc8+ Kd7 78. Rd8+ Ke6 79. Ra8 Rg3+ 80. Ke4 Rh3 81. Ra6+ Kd7 82. Ke5 Re3+ 83. Kd5 Rd3+ 84. Kc4 Ra3 85. Kd5 Ne3+ 86. Kc5 Nf5 87. Kd5 Rd3+ 88. Kc4 Rh3 89. Kd5 a3 90. Ra7+ Kc8 91. Kc6 Kb8 92. Ra4 Rb3 93. Be5+ Kc8 94. Ra8+ Rb8 95. Rxb8# 1-0


[Site "https://www.chess.com"]

[Event "Titled Tuesday Blitz April 26 Late 2022"]
[White "Szpar, Milosz"]
[Black "Chuemsakul, Sarocha"]
[WhiteFideId "1184989"]
[BlackFideId "6203710"]
[WhiteElo "2447"]
[BlackElo "1703"]
[Result "1-0"]
[Round "09"]
[TimeControl "180+1"]
[Date "2022.04.26"]
[WhiteClock "0:01:29"]
[BlackClock "0:00:49"]

1. e4 g6 2. d4 Bg7 3. Nf3 d6 4. Bd3 Bg4 5. c3 c5 6. Nbd2 cxd4 7. cxd4 Nf6 8. O-O O-O 9. h3 Bxf3 10. Nxf3 Nc6 11. Re1 e5 12. dxe5 dxe5 13. Be3 Re8 14. Rc1 Nd4 15. Bxd4 exd4 16. Qb3 Qd7 17. Bb5 Qe6 18. Bxe8 Qxb3 19. axb3 Rxe8 20. Nxd4 Nxe4 21. Nb5 a6 22. Nc3 f6 1-0


[Site "https://www.chess.com"]

[Event "Titled Tuesday Blitz April 26 Late 2022"]
[White "Vasquez Schroeder, Rodrigo"]
[Black "Salimova, Nurgyul"]
[WhiteFideId "3400042"]
[BlackFideId "2915138"]
[WhiteElo "2561"]
[BlackElo "2185"]
[Result "1/2-1/2"]
[Round "09"]
[TimeControl "180+1"]
[Date "2022.04.26"]
[WhiteClock "0:01:23"]
[BlackClock "0:00:06"]

1. e4 c6 2. d4 d5 3. exd5 cxd5 4. Bd3 Nf6 5. h3 Nc6 6. c3 e6 7. Nf3 Bd6 8. O-O O-O 9. Re1 Qc7 10. Qe2 a6 11. Nbd2 b5 12. a3 Na5 13. Ne5 Bb7 14. Rb1 Nc4 15. Ndf3 Ne4 16. Nxc4 bxc4 17. Bxe4 dxe4 18. Nd2 Bd5 19. Nxe4 Rab8 20. Ra1 Rb3 21. Nd2 Rb7 22. Nf1 Bf4 23. Bxf4 Qxf4 24. Rad1 Rfb8 25. Rd2 Rb5 26. f3 h5 27. Qf2 h4 28. Ne3 a5 29. Rde2 a4 30. Nxd5 Rxd5 31. Re4 Qg3 32. R1e2 Rdb5 33. Rxh4 Qxf2+ 34. Kxf2 Rxb2 35. Re4 Rxe2+ 36. Rxe2 Rb3 37. Rc2 Rxa3 38. Ke3 Rb3 39. d5 exd5 40. Kd4 Rb5 41. Ra2 Ra5 42. Ra3 f6 43. g4 Kf7 44. h4 Ke6 45. h5 Kd6 46. f4 Ra8 47. Ke3 Re8+ 48. Kf3 Ra8 49. g5 fxg5 50. fxg5 Ke5 51. Kg4 d4 52. cxd4+ Kxd4 53. Kf3 c3 54. Ke2 Kc4 55. Kd1 Kb4 56. Ra1 a3 57. Kc2 a2 58. h6 gxh6 59. gxh6 Rh8 60. Rxa2 Rxh6 61. Ra7 Rh2+ 62. Kc1 Rh1+ 63. Kc2 Rh2+ 64. Kc1 Kb3 65. Rb7+ Kc4 66. Rc7+ Kd3 67. Rd7+ Kc4 68. Rc7+ Kb3 69. Rb7+ Kc4 70. Rc7+ 1/2-1/2


[Site "https://www.chess.com"]

[Event "Titled Tuesday Blitz April 26 Late 2022"]
[White "Vlassov, Nikolai"]
[Black "Yuan, Qingyu"]
[WhiteFideId "4103360"]
[BlackFideId "8609772"]
[WhiteElo "2407"]
[BlackElo "2359"]
[Result "0-1"]
[Round "09"]
[TimeControl "180+1"]
[Date "2022.04.26"]
[WhiteClock "0:00:03"]
[BlackClock "0:00:17"]

1. e4 c6 2. d4 d5 3. e5 c5 4. dxc5 e6 5. Nf3 Bxc5 6. Bd3 f6 7. O-O Nc6 8. Bf4 g5 9. Bg3 f5 10. h4 f4 11. Bh2 g4 12. Ng5 g3 13. Qh5+ Kd7 14. Nxe6 gxh2+ 15. Kxh2 Kxe6 16. Bf5+ Ke7 17. Qg5+ Kf8 18. Qxf4 Bxf5 19. Qxf5+ Ke8 20. Qh5+ Kd7 21. Nc3 Nge7 22. Rad1 Kc7 23. Qf7 Qg8 24. Nxd5+ Kb8 25. Qf3 Qe6 26. Nf4 Qf5 27. Nd3 Qxf3 28. gxf3 Bd4 29. f4 Nf5 30. c3 Bb6 31. Kh3 Kc7 32. b4 a6 33. Rg1 Rhg8 34. Rg5 Raf8 35. Rdg1 Nce7 36. c4 Bd4 37. a4 h6 38. Rxg8 Nxg8 39. c5 Nge7 40. b5 axb5 41. axb5 Ra8 42. Rc1 Ra3 43. b6+ Kc6 44. Rd1 Bxc5 45. Kg4 Bxb6 46. Nb4+ Kb5 47. Rb1 Kc5 48. Kh5 Rc3 0-1


[Site "https://www.chess.com"]

[Event "Titled Tuesday Blitz April 26 Late 2022"]
[White "Vovk, Orest"]
[Black "Bas Mas, Jose Joaquin"]
[WhiteFideId "14113490"]
[BlackFideId "22219064"]
[WhiteElo "2203"]
[BlackElo "2212"]
[Result "1-0"]
[Round "09"]
[TimeControl "180+1"]
[Date "2022.04.26"]
[WhiteClock "0:00:15"]
[BlackClock "0:00:07"]

1. h4 h5 2. Nf3 Nf6 3. Ng5 d5 4. e4 dxe4 5. Nc3 Bf5 6. Bc4 e6 7. Qe2 Qd4 8. b3 a6 9. Bb2 Bc5 10. Na4 Qxf2+ 11. Qxf2 Bxf2+ 12. Kxf2 b5 13. Nc5 bxc4 14. bxc4 Nbd7 15. Bxf6 gxf6 16. Ngxe4 Nxc5 17. Nxc5 Bxc2 18. d3 Rd8 19. Ke2 Rg8 20. Rhg1 Rg3 21. Kf2 Rg4 22. Nxa6 Rxd3 23. Nxc7+ Ke7 24. c5 Ba4 25. Rac1 Rd2+ 26. Ke3 Rxa2 27. c6 Ra3+ 28. Kd2 Rd4+ 29. Ke1 Re4+ 30. Kf2 Rf4+ 31. Ke1 Re4+ 32. Kd2 Rd4+ 33. Ke2 Rd6 34. g4 hxg4 35. Rxg4 Bxc6 36. h5 Bd7 37. Rh4 Rb6 38. Rc2 Rb8 39. h6 Rh8 40. h7 Ra7 41. Kf2 Ra5 42. Rcc4 Rf5+ 43. Ke3 Rg5 44. Rce4 Rg7 45. Nd5+ Kd6 46. Nxf6 Bc8 47. Reg4 Rxg4 48. Rxg4 Ke7 49. Rg8 Kxf6 50. Rxh8 Kg7 51. Rxc8 Kxh7 52. Kf4 Kg6 53. Rg8+ Kf6 54. Rg5 e5+ 55. Rxe5 Kg7 56. Kf5 1-0


[Site "https://www.chess.com"]

[Event "Titled Tuesday Blitz April 26 Late 2022"]
[White "Winkels, Marcel"]
[Black "Yurasova, Daria"]
[WhiteFideId "1003887"]
[BlackFideId "34146919"]
[WhiteElo "1900"]
[BlackElo "2064"]
[Result "0-1"]
[Round "09"]
[TimeControl "180+1"]
[Date "2022.04.26"]
[WhiteClock "0:00:13"]
[BlackClock "0:01:29"]

1. e4 e5 2. Nf3 Nc6 3. Bc4 Bc5 4. b4 Bxb4 5. c3 Be7 6. d4 d6 7. O-O Nf6 8. Nbd2 O-O 9. h3 a6 10. Re1 b5 11. Bd3 Bb7 12. a4 bxa4 13. Rxa4 Re8 14. Nf1 Bf8 15. Ng3 Nb8 16. Rb4 Bc6 17. d5 Bd7 18. Bg5 a5 19. Rb1 a4 20. Bb5 Bxb5 21. Rxb5 Nbd7 22. Be3 a3 23. Qa1 Qc8 24. Reb1 Qa6 25. Rb7 Reb8 26. Rxb8 Rxb8 27. Rxb8 Nxb8 28. Qa2 Nbd7 29. Bc1 c6 30. Bxa3 cxd5 31. exd5 Nxd5 32. Qxd5 Qxa3 33. Ng5 Qc1+ 34. Kh2 Qxg5 35. Ne4 Qf4+ 36. g3 Qf3 37. Kg1 Nc5 38. g4 Qxe4 39. Qd1 Qd3 40. Qe1 Ne4 0-1


[Site "https://www.chess.com"]

[Event "Titled Tuesday Blitz April 26 Late 2022"]
[White "Xiong, Jeffery"]
[Black "Chigaev, Maksim"]
[WhiteFideId "2047640"]
[BlackFideId "4108116"]
[WhiteElo "2727"]
[BlackElo "2478"]
[Result "1-0"]
[Round "09"]
[TimeControl "180+1"]
[Date "2022.04.26"]
[WhiteClock "0:00:23"]
[BlackClock "0:00:01"]

1. d4 Nf6 2. Bg5 g6 3. Bxf6 exf6 4. e3 d5 5. c4 dxc4 6. Bxc4 Bd6 7. Nc3 Nd7 8. h4 h5 9. Nf3 Nb6 10. Bb3 c6 11. Ne4 Bb4+ 12. Kf1 O-O 13. a3 Be7 14. g3 Kg7 15. Kg2 Bf5 16. Ned2 Qd7 17. Rc1 Rad8 18. Re1 Rfe8 19. e4 Bg4 20. Qc2 Bd6 21. Qc3 Bc7 22. a4 a6 23. a5 Nc8 24. e5 fxe5 25. dxe5 Qd3 26. Qb4 Bxa5 27. Qxa5 Bxf3+ 28. Nxf3 Qxb3 29. e6 Qd5 30. Qc3+ f6 31. Rcd1 Qxd1 32. Rxd1 Rxd1 33. Qb3 Rd6 34. Qxb7+ Ne7 35. Qc7 Rxe6 36. Qd7 Kf7 37. Nd4 Re5 38. Nxc6 Rd5 39. Qc7 a5 40. Nxa5 Rc8 41. Qb6 Rc2 42. Nb7 Rdd2 43. Nd6+ Kg7 44. Ne4 Nd5 45. Qb5 Rd4 46. Qd7+ Kh6 47. Qe8 Ne3+ 48. Kf3 Rxe4 1-0


[Site "https://www.chess.com"]

[Event "Titled Tuesday Blitz April 26 Late 2022"]
[White "Yanayt, Eugene"]
[Black "Skliarov, Viktor"]
[WhiteFideId "2020165"]
[BlackFideId "14106736"]
[WhiteElo "2046"]
[BlackElo "2229"]
[Result "0-1"]
[Round "09"]
[TimeControl "180+1"]
[Date "2022.04.26"]
[WhiteClock "0:00:03"]
[BlackClock "0:00:10"]

1. d4 Nf6 2. c4 e6 3. g3 c5 4. d5 exd5 5. cxd5 d6 6. e4 g6 7. f3 Bg7 8. Kf2 O-O 9. Kg2 Nbd7 10. Nh3 Ne5 11. Nf2 Nh5 12. f4 Nd7 13. Be2 Nhf6 14. a4 Re8 15. Bf3 c4 16. Nd2 Nc5 17. Qc2 h5 18. h3 b6 19. Nxc4 Ba6 20. b4 Ncxe4 21. b5 Bb7 22. Bb2 Nxf2 23. Qxf2 Rc8 24. Ne3 Ne4 25. Qe2 Nc3 26. Qd2 h4 27. g4 Qf6 28. f5 Qg5 29. Rhe1 Be5 30. Nf1 Qxd2+ 31. Nxd2 gxf5 32. gxf5 Nxd5 33. Bxe5 dxe5 34. Rac1 Nf4+ 35. Kh2 Bxf3 36. Nxf3 f6 37. Nxh4 Kf7 38. Red1 Rxc1 39. Rxc1 e4 40. Rc7+ Re7 41. Rc4 Nd5 42. Kg2 e3 43. Kf1 e2+ 44. Ke1 Ne3 45. Rc3 Nd5 46. Rc4 Re3 47. Ng2 Rxh3 48. Kxe2 Rh2 49. Kf3 Rxg2 50. Rd4 Ra2 51. Rxd5 Rxa4 52. Rd7+ Kg8 53. Rd6 Kg7 54. Rd7+ Kh6 55. Rd8 Kg5 56. Rd5 Rb4 57. Ke3 Kg4 58. Kd3 Kf4 59. Kc3 Ra4 60. Kb3 Ra5 61. Kb4 Ke4 62. Rd7 Ke5 63. Rc7 Kxf5 64. Rc6 Kg5 65. Rd6 f5 66. Rd5 Kg4 67. Rd3 f4 68. Ra3 Rxa3 69. Kxa3 f3 0-1


[Site "https://www.chess.com"]

[Event "Titled Tuesday Blitz April 26 Late 2022"]
[White "Yoo, Christopher Woojin"]
[Black "Babazada, Khazar"]
[WhiteFideId "30909694"]
[BlackFideId "13413554"]
[WhiteElo "2105"]
[BlackElo "2406"]
[Result "1/2-1/2"]
[Round "09"]
[TimeControl "180+1"]
[Date "2022.04.26"]
[WhiteClock "0:00:03"]
[BlackClock "0:00:04"]

1. e4 g6 2. d4 Bg7 3. Nf3 d6 4. Bd3 Nf6 5. O-O O-O 6. Nbd2 Nc6 7. c3 e5 8. h3 Nd7 9. Nb3 b6 10. Bg5 f6 11. Be3 Bb7 12. Qe2 a5 13. a3 Kh8 14. Rad1 Qe8 15. Rfe1 Nd8 16. Nbd2 a4 17. Bb5 c6 18. Bd3 Ne6 19. Nc4 Qe7 20. Qc2 b5 21. Ncd2 Qf7 22. c4 bxc4 23. Nxc4 Qe7 24. b3 d5 25. Ncd2 axb3 26. Nxb3 Rxa3 27. exd5 cxd5 28. Bb5 e4 29. Nfd2 f5 30. f4 g5 31. Bxd7 Qxd7 32. Rf1 Ba6 33. Rf2 gxf4 34. Bxf4 Nxd4 35. Nxd4 Bxd4 36. Nb1 Bxf2+ 37. Qxf2 Rd3 38. Be5+ Kg8 39. Rxd3 Bxd3 40. Qg3+ Kf7 41. Nc3 Rg8 42. Qh4 Ke8 43. Qf6 Qe7 44. Qc6+ Kf7 45. Qxd5+ Qe6 46. Qb7+ Kg6 47. Bf4 Rc8 48. Nd5 Ba6 49. Ne7+ Kf7 50. Qa7 Rc1+ 51. Bxc1 Qxe7 52. Qxa6 Qc5+ 53. Kh2 Qxc1 54. Qb7+ Kg6 55. Qb6+ Kg5 56. Qd8+ Kf4 57. Qd6+ Ke3 58. Qb6+ Ke2 59. Qb5+ Ke1 60. Qa5+ Qd2 61. Qxf5 e3 62. Qb1+ Qd1 63. Qb4+ Qd2 64. Qb1+ Kf2 65. Qf5+ Ke1 66. Qb1+ 1/2-1/2


[Site "https://www.chess.com"]

[Event "Titled Tuesday Blitz April 26 Late 2022"]
[White "Aigner, Michael"]
[Black "Song, Guannan Terry"]
[WhiteFideId "2017288"]
[BlackFideId "2614189"]
[WhiteElo "2388"]
[BlackElo "2115"]
[Result "0-1"]
[Round "10"]
[TimeControl "180+1"]
[Date "2022.04.26"]
[WhiteClock "0:00:17"]
[BlackClock "0:00:57"]

1. e4 c5 2. Nc3 a6 3. g3 b5 4. Bg2 Bb7 5. d3 e6 6. f4 d5 7. exd5 exd5 8. d4 Nf6 9. Nf3 b4 10. Ne2 Nc6 11. O-O c4 12. Ne5 Be7 13. Be3 O-O 14. h3 Re8 15. g4 a5 16. Ng3 Bf8 17. Bf2 Nxe5 18. dxe5 Ne4 19. Nxe4 dxe4 20. Qe2 Qc7 21. Bxe4 Bxe4 22. Qxe4 Bc5 23. Rad1 Rad8 24. Rd5 Bxf2+ 25. Rxf2 c3 26. b3 Qb6 27. Kg2 Rxd5 28. Qxd5 Rd8 29. Qe4 h6 30. f5 Rd2 31. Qf3 Qd4 32. e6 fxe6 33. fxe6 Rxf2+ 34. Qxf2 Qd5+ 35. Kg3 Qxe6 36. Qc5 Qe1+ 37. Kf3 Qd1+ 38. Kg3 Qxc2 39. Qxa5 Qd3+ 40. Kh4 c2 41. Qc7 Kh7 42. Qc8 c1=B 0-1


[Site "https://www.chess.com"]

[Event "Titled Tuesday Blitz April 26 Late 2022"]
[White "Akrakan"]
[Black "Kohler, Aran"]
[BlackFideId "1002856"]
[WhiteElo "2092"]
[BlackElo "2258"]
[Result "0-1"]
[Round "10"]
[TimeControl "180+1"]
[Date "2022.04.26"]
[WhiteClock "0:01:06"]
[BlackClock "0:00:08"]

1. e4 e5 2. Nf3 d6 3. Bc4 Be6 4. Bb3 Bxb3 5. axb3 Nf6 6. d3 Nc6 7. O-O Be7 8. Re1 O-O 9. Nbd2 a6 10. Nf1 Re8 11. Ne3 Bf8 12. c3 d5 13. Nf5 dxe4 14. dxe4 Qxd1 15. Rxd1 Nxe4 16. Be3 Nd6 17. Ng3 Rad8 18. Rd2 Nb5 19. Rad1 Rxd2 20. Rxd2 e4 21. Nd4 Ncxd4 22. Bxd4 Nxd4 23. Rxd4 e3 24. fxe3 Bc5 25. Rd7 Bxe3+ 26. Kf1 Bb6 27. b4 g6 28. c4 Rc8 29. c5 Ba7 30. Ne4 Kg7 31. Ke2 h6 32. Kd3 Bb8 33. Kc4 Re8 34. Kd3 c6 35. Rxb7 Bxh2 36. Rb6 Be5 37. b3 Rd8+ 38. Ke2 Rc8 39. Rxa6 g5 40. Nf2 f5 41. Nd3 Bc3 42. Ra7+ Kg6 43. Ra6 Kh5 44. Nf2 Bxb4 45. Nd3 Bc3 46. Rb6 Re8+ 47. Kf3 g4+ 48. Kf2 Bd4+ 49. Kf1 Re3 50. Nf4+ Kg5 51. Ne2 Bxc5 52. Rxc6 Ba3 53. Rb6 h5 54. b4 h4 55. b5 Rb3 56. Rb8 Rb1+ 57. Kf2 Bc5+ 58. Nd4 Bxd4+ 59. Ke2 Bg1 60. Kd3 h3 61. gxh3 gxh3 62. Rg8+ Kf4 63. b6 Bxb6 64. Rh8 Rb3+ 65. Kc4 Rg3 66. Rh4+ Kf3 67. Kd5 Be3 68. Ke5 f4 69. Kf5 Kg2 70. Ke4 h2 0-1


[Site "https://www.chess.com"]

[Event "Titled Tuesday Blitz April 26 Late 2022"]
[White "Aroesti, Roee"]
[Black "Omariev, Maksim"]
[WhiteFideId "2817144"]
[BlackFideId "4193423"]
[WhiteElo "2068"]
[BlackElo "2520"]
[Result "1-0"]
[Round "10"]
[TimeControl "180+1"]
[Date "2022.04.26"]
[WhiteClock "0:00:15"]
[BlackClock "0:00:03"]

1. e4 c5 2. Nf3 d6 3. Bb5+ Nd7 4. Ba4 Nf6 5. d3 a6 6. c4 g6 7. Nc3 Bg7 8. O-O O-O 9. Re1 Rb8 10. Rb1 Ng4 11. h3 Nge5 12. Nxe5 Nxe5 13. f4 Nc6 14. Kh1 Nd4 15. Be3 b5 16. cxb5 axb5 17. Bxd4 cxd4 18. Nxb5 Ba6 19. Na3 Qa5 20. Bb3 e6 21. Nc4 Qc7 22. Qe2 Rfd8 23. Rec1 Qa7 24. Qd2 Bb7 25. Qb4 Bxe4 26. Qd2 Bd5 27. Na5 Ba8 28. Nc6 Bxc6 29. Rxc6 d5 30. Rbc1 Qe7 31. Rc7 Qf6 32. Bd1 h5 33. a4 Bh6 34. g3 h4 35. Kg2 hxg3 36. Kxg3 e5 37. Qf2 Bxf4+ 38. Kg2 Qg5+ 39. Bg4 Bxc1 40. Qxf7+ Kh8 41. Qh7# 1-0


[Site "https://www.chess.com"]